 Dungeon Crawl Stone Soup version 0.29-a0-925-g0a7a3d12f8 (webtiles) character file.

Game seed: 473491926072883426

12237 sanka the Destroyer (level 11, 0/84 HPs)
             Began as a Gnoll Conjurer on July 29, 2022.
             Was a Believer of Ashenzari.
             Slain by a wolf (4 damage)
             ... on level 9 of the Dungeon.
             The game lasted 00:40:07 (15891 turns).

sanka the Destroyer (Gnoll Conjurer)               Turns: 15891, Time: 00:40:08

Health: 0/84       AC:  7    Str:  6    XL:     11   Next: 90%
Magic:  9/23       EV: 15    Int: 28    God:    Ashenzari [**....]
Gold:   1378       SH:  0    Dex: 11    Spells: 20/27 levels left

rFire   . . .      SeeInvis +   a - +2 hand axe (elec)
rCold   + . .      Faith    .   (no shield)
rNeg    . . .      Spirit   .   j - +0 robe of the Fated Serendipity {Cun, Comp} (curse)
rPois   +          Reflect  .   M - +0 helmet "Nouh" {rC+ Stlth+}
rElec   .          Harm     .   o - +0 cloak
rCorr   .          Rampage  .   m - +0 pair of gloves
Will    .....                   u - +0 pair of boots of the Circumscribed Sun {Comp, Bglg} (curse)
Stlth   +++++.....              F - amulet of the acrobat
HPRegen 0.24/turn               p - ring of Ashenzari's Visionary {rPois, Bglg, Alch} (curse)
MPRegen 0.18/turn               B - +6 ring of intelligence

@: studying Fire Magic
A: fangs 1, strong nose, distributed training
a: Renounce Religion, Curse Item, Shatter the Chains


You were on level 9 of the Dungeon.
You worshipped Ashenzari.
Ashenzari was pleased with you.
You visited 3 branches of the dungeon, and saw 14 of its levels.

You collected 1798 gold pieces.
You spent 420 gold pieces at shops.


Innate Abilities, Weirdness & Mutations

You have very sharp teeth.
Your uncanny sense of smell can sniff out nearby items.
Your experience applies equally to all skills.


   Skills:
 + Level 7.0 Fighting
 + Level 7.0 Short Blades
 + Level 7.0 Long Blades
 + Level 7.0 Axes
 + Level 7.0 Maces & Flails
 + Level 7.0 Polearms
 + Level 7.0 Staves
 + Level 7.0 Ranged Weapons
 + Level 7.0 Throwing
 + Level 7.0 Armour
 + Level 8.4(9.7) Dodging
 + Level 8.2(9.5) Stealth
 + Level 7.0 Shields
 + Level 7.0 Unarmed Combat
 + Level 8.7 Spellcasting
 + Level 9.3(11.2) Conjurations
 + Level 5.8(7.7) Hexes
 + Level 5.8(7.7) Summonings
 + Level 5.8(7.7) Necromancy
 + Level 5.8(7.7) Translocations
 + Level 5.8(7.0) Transmutations
 + Level 7.1 Fire Magic
 + Level 5.8 Ice Magic
 + Level 5.8 Air Magic
 + Level 5.8 Earth Magic
 + Level 5.8(7.0) Poison Magic
 + Level 7.6 Invocations
 + Level 7.0 Evocations


You had 20 spell levels left.
You knew the following spells:

 Your Spells              Type           Power      Damage    Failure   Level
x - Searing Ray           Conj           100%       2d8       1%          2
z - Magic Dart            Conj           100%       1d8       1%          1
Z - Fulminant Prism       Conj/Hex       30%        3d16      1%          4

Your spell library contained the following spells:

 Spells                   Type           Power      Damage    Failure   Level
 Call Canine Familiar     Summ           53%        N/A       1%          3
 Dazzling Flash           Conj/Hex       100%       N/A       1%          3
 Frozen Ramparts          Ice            88%        1d10      1%          3
 Gell's Gravitas          Tloc           53%        N/A       1%          3
 Portal Projectile        Hex/Tloc       100%       N/A       1%          3
 Teleport Other           Tloc           53%        N/A       1%          3
 Tukima's Dance           Hex            53%        N/A       1%          3
 Iskenderun's Mystic Bla  Conj/Tloc      60%        2d13      1%          4
 Passage of Golubria      Tloc           53%        N/A       1%          4
 Leda's Liquefaction      Hex/Erth       25%        N/A       2%          4
 Summon Ice Beast         Ice/Summ       50%        N/A       2%          4
 Ice Form                 Ice/Tmut       48%        N/A       3%          4
 Lightning Bolt           Conj/Air       28%        1d44      3%          5
 Yara's Violent Unravell  Hex/Tmut       26%        3d11      6%          5
 Blade Hands              Tmut           25%        N/A       7%          5

Inventory:

Hand Weapons
 a - a +2 hand axe of electrocution (weapon)
 b - a +1 dagger of venom
 C - a +1 dagger of pain
 K - a +4 halberd of freezing
 R - the +3 dagger "Icicieg" {flame, *Rage Str+8}

   It burns those it strikes, dealing additional fire damage.
   Str:       It affects your strength (+8).
   *Rage:     It berserks you when you make melee attacks (+20% chance).
Missiles
 h - 22 poisoned darts
 z - a curare-tipped dart {=f}
Armour
 j - the cursed +0 robe of the Fated Serendipity (worn) {Cun, Comp}

   It has a curse which improves the following skills: Cunning: Dodging and
   Stealth.
   Companions: Summonings and Necromancy.
 m - a +0 pair of gloves (worn)
 o - a +0 cloak (worn)
 u - the cursed +0 pair of boots of the Circumscribed Sun (worn) {Comp, Bglg}

   It has a curse which improves the following skills: Companions: Summonings
   and Necromancy.
   Beguiling: Conjurations, Hexes and Translocations.
 M - the +0 helmet "Nouh" (worn) {rC+ Stlth+} rC: It protects you from cold. Stlth: It makes you more stealthy.
Jewellery
 g - a ring of fire
 p - the cursed ring of Ashenzari's Visionary (left hand) {rPois, Bglg, Alch}

   [ring of poison resistance]

   rPois:     It protects you from poison.
   It has a curse which improves the following skills: Beguiling: Conjurations,
   Hexes and Translocations.
   Alchemy:   Poison Magic and Transmutations.
 B - a +6 ring of intelligence (right hand)
 F - an amulet of the acrobat (around neck)
 N - the amulet of Elemental Vulnerability {rPois rF-- rC-- AC+8}

   [amulet of nothing]

   AC:        It affects your AC (+8).
   rF:        It makes you very vulnerable to fire.
   rC:        It makes you very vulnerable to cold.
   rPois:     It protects you from poison.
Wands
 L - a wand of paralysis (8)
Scrolls
 c - 2 scrolls of brand weapon
 d - 4 scrolls of blinking
 e - 8 scrolls of teleportation {@r4}
 q - 2 scrolls of enchant weapon
 s - 3 scrolls of amnesia
 t - a scroll of magic mapping
 v - 3 scrolls of poison
 w - 2 scrolls of enchant armour
 A - 2 scrolls of vulnerability {!r}
 G - 2 scrolls of torment {!r}
 O - 2 scrolls of fog
 P - a scroll of fear
Potions
 f - 4 potions of curing {@q1}
 i - a potion of magic
 k - a potion of cancellation
 n - 3 potions of mutation {!q}
 r - a potion of heal wounds {@q2}
 x - 4 potions of might
 D - 2 potions of brilliance
 E - a potion of flight
 I - 2 potions of attraction {!q}
 Q - 2 potions of invisibility

Dungeon Overview and Level Annotations

Branches:
Dungeon (12/15)            Temple (1/1) D:4            Lair (1/5) D:9
    Orc (0/2) D:11

Altars:
Ashenzari
Cheibriados
Dithmenos
Elyvilon
Fedhas
Gozag
Hepliaklqana
Kikubaaqudgha
Makhleb
Nemelex Xobeh
Okawaru
Qazlal
Ru
Sif Muna
Trog
Uskayaw
Vehumet
Wu Jian
Xom
Yredelemnul
Zin
The Shining One

Shops:
D:7 = D:10

( ▒▒ ▒▒. ▒.▒ ▒▒▒ ▒▒▒▒▒▒▒▒▒▒ ▒..
▒.▒ ▒>.......▒ ▒.▒ ▒.▒ ▒........▒
▒▒. ▒.▒ ▒........▒ ▒▒.▒ ▒.▒
▒.h......▒ ▒.⌠. ▒.▒ ▒.>g[....▒
▒▒.▒ ▒.▒ ▒........▒ ▒.▒. ▒.▒
▒........▒ ▒▒.▒ ▒.▒ ▒........▒
▒.⌠.
▒▒▒▒▒.▒▒▒▒▒▒▒▒........▒▒▒▒▒▒▒▒▒.▒
..............[[[............▒▒▒.
▒▒.▒▒▒▒▒.▒▒▒▒▒.▒▒▒▒▒▒▒.▒▒▒▒▒▒▒ ▒▒
▒.▒ ▒.▒ ▒.▒ ▒.▒ ▒▒▒ ▒.▒ ▒.▒ ▒.▒
▒.▒ ▒.▒


You could see a wolf.


Message History

The wolf howls!
The wolf barely misses you.
You climb upwards.
Welcome back to the Dungeon!
There is a staircase to the Lair here.
Unknown command.
The wolf misses you. The wolf closely misses you.
The wolf completely misses you.
You hit the wolf but do no damage. Lightning courses through the wolf!
You kill the wolf!
You hit the wolf. The wolf bites you.
* * * LOW HITPOINT WARNING * * *
The wolf bites you but does no damage.
You closely miss the wolf. Your bite misses the wolf.
The wolf is almost dead.
The wolf bites you but does no damage.
You completely miss the wolf. You punch the wolf, but do no damage.
The wolf is almost dead.
The wolf closely misses you. The wolf bites you.
* * * LOW HITPOINT WARNING * * *
You closely miss the wolf.
The wolf is almost dead.
The wolf bites you.
You die...

Action                   |  1- 3 |  4- 6 |  7- 9 | 10-12 || total
-------------------------+-------+-------+-------+-------++-------
Melee: Unarmed           |     1 |       |       |       ||     1
       Quarterstaff      |       |       |    44 |       ||    44
       Dagger            |       |       |    17 |   147 ||   164
       Bite              |       |       |    11 |    18 ||    29
       Dire flail        |       |       |    20 |       ||    20
       Punch             |       |       |       |     9 ||     9
       Hand axe          |       |       |       |    34 ||    34
Throw: Dart              |       |       |     4 |       ||     4
 Cast: Magic Dart        |    37 |    96 |   129 |   180 ||   442
       Searing Ray       |     2 |    11 |    40 |    18 ||    71
       Fulminant Prism   |       |     1 |    31 |    44 ||    76
Invok: Curse Item        |       |       |     2 |     2 ||     4
       Shatter the Chain |       |       |       |     1 ||     1
Evoke: Wand              |       |       |       |     6 ||     6
  Use: Scroll            |       |       |     1 |       ||     1
       Potion            |       |       |       |     1 ||     1
 Stab: Sleeping          |     1 |       |     1 |     5 ||     7
       Paralysed         |       |       |       |     1 ||     1
Armor: Robe              |       |     5 |    30 |    54 ||    89
Dodge: Dodged            |     4 |     6 |   103 |   248 ||   361

Levels and vault maps discovered:
D:1:      scummos_arrival_simple_crosswalls, layout_rooms,
          hellmonk_ecumenical_altar_zigzags, minmay_misc_feat_tiny,
          minmay_surrounded
D:2:      layout_basic, uniq_sigmund
D:3:      layout_loops_cross, nicolae_wormholes
D:4:      layout_rooms, minmay_temple_entry_purple_smoke, dk_rats_in_the_wall
D:5:      layout_loops_ring, minmay_misc_feat_pillars, lightli_church_of_beogh,
          uniq_grinder
D:6:      hangedman_cross_stitches, layout_gridville,
          kennysheep_okawaru_gauntlet, fountainhead, chequers_avenue,
          minmay_manual_moon
D:7:      layout_loops_ring, serial_shops, shop, serial_bayou_crossing
D:8:      layout_loops_corners, mainiacjoe_overflow_large_starburst, uniq_grum
D:9:      layout_small_grid, kennysheep_vampire_church, minitemple
D:10:     layout_cave_pools, serial_shops, shop
D:11:     layout_long_grid, david_orc_1_choice, roderic_batcave, minivault_12
D:12:     layout_long_grid, hangedman_decor_lopped
Temple:   eino_temple_rhombus
Lair:1:   layout_regular_city, grunt_forest_large_clearings,
          serial_bayou_shore_b, grunt_megastairs_4, lemuel_fruit_fields

Notes
Turn   | Place    | Note
-------+----------+-------------------------------------------
     0 | D:1      | sanka the Gnoll Conjurer began the quest for the Orb.
     0 | D:1      | Reached XP level 1. HP: 13/13 MP: 6/6
    31 | D:1      | Found a faded altar of an unknown god.
   208 | D:1      | Reached XP level 2. HP: 19/19 MP: 4/7
   211 | D:1      | Learned a level 2 spell: Searing Ray
   690 | D:2      | Reached skill level 5 in Spellcasting
   690 | D:2      | Reached XP level 3. HP: 25/25 MP: 5/9
   757 | D:2      | Reached skill level 1 in Invocations
   946 | D:2      | Reached skill level 1 in Fighting
   946 | D:2      | Reached skill level 1 in Short Blades
   946 | D:2      | Reached skill level 1 in Long Blades
   946 | D:2      | Reached skill level 1 in Axes
   946 | D:2      | Reached skill level 1 in Maces & Flails
   946 | D:2      | Reached skill level 1 in Polearms
   946 | D:2      | Reached skill level 1 in Staves
   946 | D:2      | Reached skill level 1 in Ranged Weapons
   946 | D:2      | Reached skill level 1 in Throwing
   946 | D:2      | Reached skill level 1 in Armour
   946 | D:2      | Reached skill level 1 in Shields
   946 | D:2      | Reached skill level 1 in Unarmed Combat
   946 | D:2      | Reached skill level 1 in Evocations
   992 | D:2      | Noticed Sigmund
  1035 | D:2      | Reached XP level 4. HP: 32/32 MP: 7/11
  1228 | D:2      | Reached skill level 1 in Hexes
  1228 | D:2      | Reached skill level 1 in Summonings
  1228 | D:2      | Reached skill level 1 in Necromancy
  1228 | D:2      | Reached skill level 1 in Translocations
  1228 | D:2      | Reached skill level 1 in Transmutations
  1228 | D:2      | Reached skill level 1 in Fire Magic
  1228 | D:2      | Reached skill level 1 in Ice Magic
  1228 | D:2      | Reached skill level 1 in Air Magic
  1228 | D:2      | Reached skill level 1 in Earth Magic
  1228 | D:2      | Reached skill level 1 in Poison Magic
  1737 | D:3      | Reached XP level 5. HP: 37/37 MP: 7/12
  2570 | D:4      | Reached skill level 2 in Invocations
  2658 | D:4      | Reached XP level 6. HP: 44/44 MP: 5/14
  2887 | D:4      | Reached skill level 5 in Dodging
  2933 | D:4      | Noticed a black bear
  2940 | D:4      | Learned a level 4 spell: Fulminant Prism
  2980 | D:4      | Killed a black bear
  2981 | D:4      | Reached skill level 2 in Fighting
  2981 | D:4      | Reached skill level 2 in Short Blades
  2981 | D:4      | Reached skill level 2 in Long Blades
  2981 | D:4      | Reached skill level 2 in Axes
  2981 | D:4      | Reached skill level 2 in Maces & Flails
  2981 | D:4      | Reached skill level 2 in Polearms
  2981 | D:4      | Reached skill level 2 in Staves
  2981 | D:4      | Reached skill level 2 in Ranged Weapons
  2981 | D:4      | Reached skill level 2 in Throwing
  2981 | D:4      | Reached skill level 2 in Armour
  2981 | D:4      | Reached skill level 2 in Shields
  2981 | D:4      | Reached skill level 2 in Unarmed Combat
  2981 | D:4      | Reached skill level 2 in Evocations
  3147 | D:4      | Found a staircase to the Ecumenical Temple.
  3170 | Temple   | Entered the Ecumenical Temple
  3296 | Temple   | Became a worshipper of Ashenzari the Shackled
  3389 | D:4      | Reached XP level 7. HP: 48/50 MP: 4/15
  3711 | D:5      | Entered Level 5 of the Dungeon
  3711 | D:5      | Noticed Grinder
  3721 | D:4      | Reached skill level 2 in Hexes
  3721 | D:4      | Reached skill level 2 in Summonings
  3721 | D:4      | Reached skill level 2 in Necromancy
  3721 | D:4      | Reached skill level 2 in Translocations
  3721 | D:4      | Reached skill level 2 in Transmutations
  3721 | D:4      | Reached skill level 2 in Fire Magic
  3721 | D:4      | Reached skill level 2 in Ice Magic
  3721 | D:4      | Reached skill level 2 in Air Magic
  3721 | D:4      | Reached skill level 2 in Earth Magic
  3721 | D:4      | Reached skill level 2 in Poison Magic
  4077 | D:5      | Reached skill level 5 in Stealth
  4321 | D:5      | Reached skill level 3 in Invocations
  4538 | D:5      | Paralysed by Grinder for 4 turns
  4641 | D:5      | Paralysed by Grinder for 2 turns
  4652 | D:5      | Killed Grinder
  4653 | D:5      | Reached skill level 3 in Fighting
  4653 | D:5      | Reached skill level 3 in Short Blades
  4653 | D:5      | Reached skill level 3 in Long Blades
  4653 | D:5      | Reached skill level 3 in Axes
  4653 | D:5      | Reached skill level 3 in Maces & Flails
  4653 | D:5      | Reached skill level 3 in Polearms
  4653 | D:5      | Reached skill level 3 in Staves
  4653 | D:5      | Reached skill level 3 in Ranged Weapons
  4653 | D:5      | Reached skill level 3 in Throwing
  4653 | D:5      | Reached skill level 3 in Armour
  4653 | D:5      | Reached skill level 3 in Shields
  4653 | D:5      | Reached skill level 3 in Unarmed Combat
  4653 | D:5      | Reached skill level 6 in Spellcasting
  4653 | D:5      | Reached skill level 3 in Evocations
  4653 | D:5      | Reached XP level 8. HP: 18/58 MP: 1/17
  5485 | D:5      | Found a runed translucent door.
  5846 | D:5      | Reached skill level 3 in Hexes
  5846 | D:5      | Reached skill level 3 in Summonings
  5846 | D:5      | Reached skill level 3 in Necromancy
  5846 | D:5      | Reached skill level 3 in Translocations
  5846 | D:5      | Reached skill level 3 in Transmutations
  5846 | D:5      | Reached skill level 3 in Fire Magic
  5846 | D:5      | Reached skill level 3 in Ice Magic
  5846 | D:5      | Reached skill level 3 in Air Magic
  5846 | D:5      | Reached skill level 3 in Earth Magic
  5846 | D:5      | Reached skill level 3 in Poison Magic
  5846 | D:5      | Reached skill level 4 in Invocations
  5955 | D:5      | Reached skill level 6 in Dodging
  6103 | D:5      | Reached skill level 4 in Fighting
  6103 | D:5      | Reached skill level 4 in Short Blades
  6103 | D:5      | Reached skill level 4 in Long Blades
  6103 | D:5      | Reached skill level 4 in Axes
  6103 | D:5      | Reached skill level 4 in Maces & Flails
  6103 | D:5      | Reached skill level 4 in Polearms
  6103 | D:5      | Reached skill level 4 in Staves
  6103 | D:5      | Reached skill level 4 in Ranged Weapons
  6103 | D:5      | Reached skill level 4 in Throwing
  6103 | D:5      | Reached skill level 4 in Armour
  6103 | D:5      | Reached skill level 4 in Shields
  6103 | D:5      | Reached skill level 4 in Unarmed Combat
  6103 | D:5      | Reached skill level 4 in Evocations
  6103 | D:5      | Reached XP level 9. HP: 65/65 MP: 4/18
  6499 | D:5      | Reached skill level 6 in Stealth
  6499 | D:5      | Reached skill level 8 in Conjurations
  6872 | D:2      | Killed Sigmund
  7499 | D:6      | Reached skill level 5 in Invocations
  7612 | D:6      | Reached * piety under Ashenzari
  7612 | D:6      | Identified a scroll of acquirement
  7736 | D:6      | Found an iron altar of Okawaru.
  7743 | D:6      | Identified the Grimoire of the Dimensional Welkin
  7865 | D:6      | Reached skill level 7 in Spellcasting
  7890 | D:6      | Reached skill level 4 in Hexes
  7890 | D:6      | Reached skill level 4 in Summonings
  7890 | D:6      | Reached skill level 4 in Necromancy
  7890 | D:6      | Reached skill level 4 in Translocations
  7890 | D:6      | Reached skill level 4 in Transmutations
  7890 | D:6      | Reached skill level 4 in Fire Magic
  7890 | D:6      | Reached skill level 4 in Ice Magic
  7890 | D:6      | Reached skill level 4 in Air Magic
  7890 | D:6      | Reached skill level 4 in Earth Magic
  7890 | D:6      | Reached skill level 4 in Poison Magic
  8728 | D:7      | Found Gakekk's Jewellery Shoppe.
  8737 | D:7      | Acquired 1156 gold pieces
  8739 | D:7      | Bought an amulet of the acrobat for 420 gold pieces
  8905 | D:7      | Reached skill level 5 in Fighting
  8905 | D:7      | Reached skill level 5 in Short Blades
  8905 | D:7      | Reached skill level 5 in Long Blades
  8905 | D:7      | Reached skill level 5 in Axes
  8905 | D:7      | Reached skill level 5 in Maces & Flails
  8905 | D:7      | Reached skill level 5 in Polearms
  8905 | D:7      | Reached skill level 5 in Staves
  8905 | D:7      | Reached skill level 5 in Ranged Weapons
  8905 | D:7      | Reached skill level 5 in Throwing
  8905 | D:7      | Reached skill level 5 in Armour
  8905 | D:7      | Reached skill level 5 in Shields
  8905 | D:7      | Reached skill level 5 in Unarmed Combat
  8905 | D:7      | Reached skill level 5 in Evocations
  8905 | D:7      | Reached XP level 10. HP: 74/74 MP: 11/20
  9157 | D:7      | Identified the +3 dagger "Icicieg" {flame, *Rage Str+8}
  9766 | D:8      | Reached ** piety under Ashenzari
  9786 | D:8      | Noticed Grum
  9791 | D:8      | Reached skill level 7 in Dodging
  9793 | D:8      | Killed Grum
 10360 | D:8      | Reached skill level 6 in Invocations
 10371 | D:8      | Reached skill level 7 in Stealth
 10460 | D:8      | Found a hide-covered altar of Uskayaw.
 10500 | D:8      | Found a shadowy altar of Dithmenos.
 10601 | D:8      | Identified the +0 helmet "Nouh" {rC+ Stlth+}
 10685 | D:8      | Reached skill level 5 in Fire Magic
 10911 | D:9      | Found the amulet of Elemental Vulnerability {rPois rF--
                  | rC-- AC+8}
 11181 | D:9      | Noticed a purple ugly thing
 11195 | D:9      | Killed a purple ugly thing
 11400 | D:9      | Found an ancient bone altar of Kikubaaqudgha.
 11742 | D:9      | Found a sparkling altar of Nemelex Xobeh.
 11742 | D:9      | Found a shimmering altar of Xom.
 12002 | D:9      | Found a staircase to the Lair.
 12399 | D:10     | Entered Level 10 of the Dungeon
 12400 | D:10     | Noticed a two-headed ogre
 12532 | D:10     | Killed a two-headed ogre
 12533 | D:10     | Reached skill level 6 in Fighting
 12533 | D:10     | Reached skill level 6 in Short Blades
 12533 | D:10     | Reached skill level 6 in Long Blades
 12533 | D:10     | Reached skill level 6 in Axes
 12533 | D:10     | Reached skill level 6 in Maces & Flails
 12533 | D:10     | Reached skill level 6 in Polearms
 12533 | D:10     | Reached skill level 6 in Staves
 12533 | D:10     | Reached skill level 6 in Ranged Weapons
 12533 | D:10     | Reached skill level 6 in Throwing
 12533 | D:10     | Reached skill level 6 in Armour
 12533 | D:10     | Reached skill level 6 in Shields
 12533 | D:10     | Reached skill level 6 in Unarmed Combat
 12533 | D:10     | Reached skill level 8 in Spellcasting
 12533 | D:10     | Reached skill level 5 in Hexes
 12533 | D:10     | Reached skill level 5 in Summonings
 12533 | D:10     | Reached skill level 5 in Necromancy
 12533 | D:10     | Reached skill level 5 in Translocations
 12533 | D:10     | Reached skill level 5 in Transmutations
 12533 | D:10     | Reached skill level 5 in Ice Magic
 12533 | D:10     | Reached skill level 5 in Air Magic
 12533 | D:10     | Reached skill level 5 in Earth Magic
 12533 | D:10     | Reached skill level 5 in Poison Magic
 12533 | D:10     | Reached skill level 6 in Evocations
 12533 | D:10     | Reached XP level 11. HP: 81/81 MP: 6/23
 12715 | D:10     | Found Jarrek's Weapon Shop.
 12902 | D:10     | Reached skill level 6 in Fire Magic
 13328 | D:11     | Noticed a manticore
 13341 | D:11     | Killed a manticore
 13347 | D:11     | HP: 5/81 [gargoyle/+0 dire flail (10)]
 13750 | D:11     | Reached skill level 9 in Conjurations
 13750 | D:11     | Reached skill level 7 in Invocations
 13943 | D:11     | Reached skill level 8 in Dodging
 14257 | D:10     | Identified the cursed +0 pair of boots of the Circumscribed
                  | Sun {Comp, Bglg} (You found it on level 4 of the Dungeon)
 14257 | D:10     | Identified the cursed +0 robe of the Fated Serendipity
                  | {Cun, Comp}
 14257 | D:10     | Identified the cursed ring of Ashenzari's Visionary {rPois,
                  | Bglg, Alch} (You found it on level 3 of the Dungeon)
 14257 | D:10     | Identified the cursed ring "Cursed Together" {Str+6, Comp,
                  | Range} (You found it on level 2 of the Dungeon)
 14430 | D:11     | Noticed a cyclops
 14430 | D:11     | Noticed a centaur warrior
 14430 | D:11     | Noticed a death knight
 14430 | D:11     | Noticed a wolf spider
 14431 | D:11     | Noticed a two-headed ogre
 14450 | D:11     | Noticed a centaur warrior
 14454 | D:11     | Noticed a catoblepas
 14454 | D:11     | Noticed a cyclops
 14455 | D:11     | Noticed a manticore
 14456 | D:11     | Noticed a centaur warrior
 14457 | D:11     | Noticed a tengu warrior
 14466 | D:11     | Noticed a cyclops
 14714 | D:11     | Noticed a two-headed ogre
 14724 | D:11     | Killed a two-headed ogre
 15093 | D:11     | Reached skill level 8 in Stealth
 15624 | D:11     | Found a staircase to the Orcish Mines.
 15866 | Lair:1   | Entered Level 1 of the Lair of Beasts
 15877 | Lair:1   | Reached skill level 7 in Fire Magic
 15881 | Lair:1   | HP: 4/83 [wolf (7)]
 15884 | Lair:1   | Noticed a faun
 15885 | Lair:1   | Reached skill level 7 in Fighting
 15885 | Lair:1   | Reached skill level 7 in Short Blades
 15885 | Lair:1   | Reached skill level 7 in Long Blades
 15885 | Lair:1   | Reached skill level 7 in Axes
 15885 | Lair:1   | Reached skill level 7 in Maces & Flails
 15885 | Lair:1   | Reached skill level 7 in Polearms
 15885 | Lair:1   | Reached skill level 7 in Staves
 15885 | Lair:1   | Reached skill level 7 in Ranged Weapons
 15885 | Lair:1   | Reached skill level 7 in Throwing
 15885 | Lair:1   | Reached skill level 7 in Armour
 15885 | Lair:1   | Reached skill level 7 in Shields
 15885 | Lair:1   | Reached skill level 7 in Unarmed Combat
 15885 | Lair:1   | Reached skill level 7 in Evocations
 15888 | D:9      | HP: 6/84 [wolf (5)]
 15891 | D:9      | Slain by a wolf

Vanquished Creatures
  2 two-headed ogres
  An ugly thing (D:9)
  A manticore (D:11)
  2 gargoyles (D:11)
  A komodo dragon (D:10)
  An unseen horror (D:11)
  A troll (D:11)
  Grinder (D:5)
  Sigmund (D:2)
  3 wraiths (D:11)
  A shadow (D:6)
  A wyvern (D:9)
  2 vampire mosquitoes (D:11)
  Grum (D:8)
  2 wargs (D:11)
  A water moccasin (Lair:1)
  11 orc warriors
  A sky beast (D:6)
  4 ice beasts
  2 black bears
  2 ogres (D:6)
  21 wolves
  3 centaurs
  2 kobold brigands
  A gnoll sergeant (D:9)
  4 bullfrogs
  4 scorpions
  A necrophage (D:7)
  6 wights
  15 killer bees
  2 vampire bats (D:9)
  2 howler monkeys
  9 hounds
  3 jellies
  12 orc priests
  3 iguanas
  A gnoll bouda (D:9)
  10 orc wizards
  13 gnolls
  7 adders
  2 shadow imps
  3 white imps
  4 worms
  4 dart slugs
  43 orcs
  11 bats
  3 bat skeletons (D:9)
  2 bat zombies (D:9)
  2 endoplasms
  A giant cockroach (D:4)
  10 goblins
  7 hobgoblins
  4 jackals
  2 quokkas
  4 ball pythons
  2 frilled lizards
  14 kobolds
  5 rats
284 creatures vanquished.

Vanquished Creatures (others)
  76 fulminant prisms
76 creatures vanquished.

Grand Total: 360 creatures vanquished
